3A
PROVO MANGO @ GRAND FORKS CATERPILLARS
09/03/2030
 
TOP OF THE 1ST
Provo Mango batting - Pitching for Grand Forks Caterpillars : LHP John Carlson
Pitching: LHP John Carlson
Batting: RHB Shihei Kichikawa 0-0: Ball
1-0: Ball
2-0: Called Strike
2-1: Called Strike
2-2: SOLO HOME RUN (Flyball, 7LD), Distance : 336 ft
Batting: RHB Mike Bean 0-0: Foul Ball, location: 2F
0-1: Ball
1-1: Ground out 6-3 (Groundball, 6)
Batting: RHB Jeff Hunter 0-0: Ball
1-0: Called Strike
1-1: Foul Ball, location: 2F
1-2: DOUBLE (Line Drive, 9LM)
Batting: RHB Xi-ku See-to 0-0: Foul Ball, location: 2F
0-1: Ball
1-1: Foul Ball, location: 2F
1-2: Fly out, F7 (Line Drive, 7)
Batting: RHB Mario van Heijbeeck 0-0: Ball
1-0: Ball
2-0: Ball
3-0: Base on Balls
Batting: RHB Guillermo Carrizales 0-0: Fly out, F6 (Line Drive, 6)
Top of the 1st over - 1 run, 2 hits, 0 errors, 2 left on base; Provo 1 - Grand Forks 0
BOTTOM OF THE 1ST
Grand Forks Caterpillars batting - Pitching for Provo Mango : RHP Dennis Blanchard
Pitching: RHP Dennis Blanchard
Batting: LHB Mo-ruo Teoh 0-0: Ball
1-0: Foul Ball, location: 2F
1-1: Swinging Strike
1-2: Ground out 4-3 (Groundball, 4)
Batting: RHB Rusty Nicholson 0-0: Called Strike
0-1: Swinging Strike
0-2: Strikes out looking
Batting: RHB Jun Kung 0-0: Called Strike
0-1: Ball
1-1: Ball
2-1: Swinging Strike
2-2: Strikes out swinging
Bottom of the 1st over - 0 runs, 0 hits, 0 errors, 0 left on base; Provo 1 - Grand Forks 0
TOP OF THE 2ND
Provo Mango batting - Pitching for Grand Forks Caterpillars : LHP John Carlson
Batting: RHB Gerardo Vázquez 0-0: Ball
1-0: Ball
2-0: Ball
3-0: Base on Balls
Batting: LHB Tom Haymon 0-0: Ball
1-0: Called Strike
Gerardo Vázquez steals 2nd base
1-1: Foul Ball, location: 2F
1-2: Ball
2-2: Ball
3-2: Fly out, F8 (Flyball, 8LM)
Batting: RHB Oliver Burrell 0-0: Foul Ball, location: 2F
0-1: Ball
1-1: Ground out 6-3 (Groundball, 6)
Gerardo Vázquez to third
Batting: RHB Shihei Kichikawa 0-0: Fly out, F7 (Flyball, 7D)
Top of the 2nd over - 0 runs, 0 hits, 0 errors, 1 left on base; Provo 1 - Grand Forks 0
BOTTOM OF THE 2ND
Grand Forks Caterpillars batting - Pitching for Provo Mango : RHP Dennis Blanchard
Batting: SHB Jorge Alou 0-0: Ball
1-0: Called Strike
1-1: DOUBLE (Groundball, 3L)
Batting: RHB Hirotada Rin 0-0: Ball
1-0: SINGLE (Line Drive, 78M)
Jorge Alou to third
Batting: RHB Lee Scrooby 0-0: Ball
1-0: Called Strike
1-1: Foul Ball, location: 2F
1-2: Ball
2-2: Ball
3-2: Grounds into double play, 6-4-3 (Groundball, 6)
Jorge Alou scores
Batting: RHB Cristián Ortíz 0-0: Called Strike
0-1: Foul Ball, location: 2F
0-2: Ball
1-2: Fly out, F3 (Popup, 34S)
Bottom of the 2nd over - 1 run, 2 hits, 0 errors, 0 left on base; Provo 1 - Grand Forks 1
TOP OF THE 3RD
Provo Mango batting - Pitching for Grand Forks Caterpillars : LHP John Carlson
Batting: RHB Mike Bean 0-0: Ball
1-0: Ball
2-0: Swinging Strike
2-1: Foul Ball, location: 2F
2-2: Strikes out swinging
Batting: RHB Jeff Hunter 0-0: Ball
1-0: Ball
2-0: Called Strike
2-1: Fly out, F7 (Flyball, 7S)
Batting: RHB Xi-ku See-to 0-0: Called Strike
0-1: Ground out 4-3 (Groundball, 4)
Top of the 3rd over - 0 runs, 0 hits, 0 errors, 0 left on base; Provo 1 - Grand Forks 1
BOTTOM OF THE 3RD
Grand Forks Caterpillars batting - Pitching for Provo Mango : RHP Dennis Blanchard
Batting: RHB Luis Pérez 0-0: Ball
1-0: Called Strike
1-1: Swinging Strike
1-2: Strikes out looking
Batting: RHB Ralph Sands 0-0: Ball
1-0: Called Strike
1-1: Fly out, F7 (Flyball, 78S)
Batting: LHB Mo-ruo Teoh 0-0: Ground out U3 (Groundball, 3)
Bottom of the 3rd over - 0 runs, 0 hits, 0 errors, 0 left on base; Provo 1 - Grand Forks 1
TOP OF THE 4TH
Provo Mango batting - Pitching for Grand Forks Caterpillars : LHP John Carlson
Batting: RHB Mario van Heijbeeck 0-0: Ball
1-0: Fly out, F9 (Flyball, 9)
Batting: RHB Guillermo Carrizales 0-0: Ball
1-0: Foul Ball, location: 2F
1-1: Ground out 4-3 (Groundball, 34)
Batting: RHB Gerardo Vázquez 0-0: Ball
1-0: Ball
2-0: Foul Ball, location: 2F
2-1: SINGLE (Line Drive, 8RS)
Pitching: RHP Carlos Cardoso
Batting: LHB Tom Haymon 0-0: Ball
1-0: Ball
2-0: Called Strike
2-1: Foul Ball, location: 2F
2-2: Ball
3-2: Foul Ball, location: 2F
3-2: Base on Balls
Gerardo Vázquez to second
Batting: RHB Oliver Burrell 0-0: Fly out, F5 (Line Drive, 6)
Top of the 4th over - 0 runs, 1 hit, 0 errors, 2 left on base; Provo 1 - Grand Forks 1
BOTTOM OF THE 4TH
Grand Forks Caterpillars batting - Pitching for Provo Mango : RHP Dennis Blanchard
Batting: RHB Rusty Nicholson 0-0: Ball
1-0: SINGLE (Groundball, 56S) (infield hit)
Batting: RHB Jun Kung 0-0: Swinging Strike
0-1: Foul Ball, location: 2F
0-2: Ball
1-2: Strikes out swinging
Batting: SHB Jorge Alou 0-0: Called Strike
0-1: Ball
1-1: Foul Ball, location: 2F
1-2: Ball
2-2: Ball
3-2: Strikes out looking
Batting: RHB Hirotada Rin Pickoff Throw to First - Out!
Bottom of the 4th over - 0 runs, 1 hit, 0 errors, 0 left on base; Provo 1 - Grand Forks 1
TOP OF THE 5TH
Provo Mango batting - Pitching for Grand Forks Caterpillars : RHP Carlos Cardoso
Batting: RHB Shihei Kichikawa 0-0: Ground out 6-3 (Groundball, 6)
Batting: RHB Mike Bean 0-0: TRIPLE (Line Drive, 9D)
Batting: RHB Jeff Hunter 0-0: Ball
1-0: Ground out 5-3 (Groundball, 56)
Mike Bean scores
Batting: RHB Xi-ku See-to 0-0: Called Strike
0-1: Ball
1-1: SINGLE (Groundball, 5D)
Batting: RHB Mario van Heijbeeck Pickoff Throw to First - Out!
Top of the 5th over - 1 run, 2 hits, 0 errors, 0 left on base; Provo 2 - Grand Forks 1
BOTTOM OF THE 5TH
Grand Forks Caterpillars batting - Pitching for Provo Mango : RHP Dennis Blanchard
Batting: RHB Hirotada Rin 0-0: Called Strike
0-1: Ground out U3 (Groundball, 3)
Batting: RHB Lee Scrooby 0-0: Called Strike
0-1: Ball
1-1: Fly out, F7 (Flyball, 78S)
Batting: RHB Cristián Ortíz 0-0: Ground out U3 (Groundball, 34)
Bottom of the 5th over - 0 runs, 0 hits, 0 errors, 0 left on base; Provo 2 - Grand Forks 1
TOP OF THE 6TH
Provo Mango batting - Pitching for Grand Forks Caterpillars : RHP Carlos Cardoso
Batting: RHB Mario van Heijbeeck 0-0: Ball
1-0: Foul Ball, location: 2F
1-1: Fly out, F8 (Flyball, 8RD)
Batting: RHB Guillermo Carrizales 0-0: Ball
1-0: Fly out, F5 (Line Drive, 56)
Batting: RHB Gerardo Vázquez 0-0: Called Strike
0-1: Foul Ball, location: 2F
0-2: Ball
1-2: Ground out 5-3 (Groundball, 56S)
Top of the 6th over - 0 runs, 0 hits, 0 errors, 0 left on base; Provo 2 - Grand Forks 1
BOTTOM OF THE 6TH
Grand Forks Caterpillars batting - Pitching for Provo Mango : RHP Dennis Blanchard
Batting: RHB Luis Pérez 0-0: Fly out, F6 (Flyball, 6MD)
Batting: RHB Ralph Sands 0-0: Ball
1-0: Swinging Strike
1-1: Ground out 6-3 (Groundball, 6)
Batting: LHB Mo-ruo Teoh 0-0: Called Strike
0-1: Ball
1-1: Fly out, F9 (Flyball, 9D)
Bottom of the 6th over - 0 runs, 0 hits, 0 errors, 0 left on base; Provo 2 - Grand Forks 1
TOP OF THE 7TH
Provo Mango batting - Pitching for Grand Forks Caterpillars : RHP Carlos Cardoso
Batting: LHB Tom Haymon 0-0: Called Strike
0-1: Swinging Strike
0-2: Fly out, F9 (Flyball, 9LMF)
Batting: RHB Oliver Burrell 0-0: Ball
1-0: Foul Ball, location: 2F
1-1: Ground out 5-3 (Groundball, 56)
Batting: RHB Shihei Kichikawa 0-0: Fly out, F8 (Flyball, 8LD)
Top of the 7th over - 0 runs, 0 hits, 0 errors, 0 left on base; Provo 2 - Grand Forks 1
BOTTOM OF THE 7TH
Grand Forks Caterpillars batting - Pitching for Provo Mango : RHP Dennis Blanchard
Batting: RHB Rusty Nicholson 0-0: Ball
1-0: SOLO HOME RUN (Flyball, 7D), Distance : 391 ft
Batting: RHB Jun Kung 0-0: Called Strike
0-1: Ball
1-1: Swinging Strike
1-2: Ball
2-2: Ball
3-2: Foul Ball, location: 2F
3-2: Strikes out swinging
Batting: SHB Jorge Alou 0-0: Ground out 5-3 (Groundball, 56)
Batting: RHB Hirotada Rin 0-0: Called Strike
0-1: Fly out, F9 (Flyball, 9LM)
Bottom of the 7th over - 1 run, 1 hit, 0 errors, 0 left on base; Provo 2 - Grand Forks 2
TOP OF THE 8TH
Provo Mango batting - Pitching for Grand Forks Caterpillars : RHP Carlos Cardoso
Pitching: RHP Alberto Ortíz
Pinch Hitting: LHB Ling Li 0-0: Ball
1-0: Foul Ball, location: 2F
1-1: Fly out, F8 (Flyball, 78D)
Batting: RHB Jeff Hunter 0-0: Ball
1-0: Fly out, F7 (Flyball, 7S)
Batting: RHB Xi-ku See-to 0-0: Ball
1-0: Ball
2-0: Fly out, F4 (Popup, 34)
Top of the 8th over - 0 runs, 0 hits, 0 errors, 0 left on base; Provo 2 - Grand Forks 2
BOTTOM OF THE 8TH
Grand Forks Caterpillars batting - Pitching for Provo Mango : RHP Dennis Blanchard
Now at 1B: Ling Li
Batting: RHB Lee Scrooby 0-0: Called Strike
0-1: Swinging Strike
0-2: Strikes out swinging
Batting: RHB Cristián Ortíz 0-0: Ball
1-0: Ball
2-0: Ground out 6-3 (Groundball, 6D)
Batting: RHB Luis Pérez 0-0: Fly out, F8 (Flyball, 89M)
Bottom of the 8th over - 0 runs, 0 hits, 0 errors, 0 left on base; Provo 2 - Grand Forks 2
TOP OF THE 9TH
Provo Mango batting - Pitching for Grand Forks Caterpillars : RHP Alberto Ortíz
Batting: RHB Mario van Heijbeeck 0-0: Swinging Strike
0-1: Called Strike
0-2: Foul Ball, location: 2F
0-2: Ground out 6-3 (Groundball, 6S)
Batting: RHB Guillermo Carrizales 0-0: Called Strike
0-1: Ball
1-1: Ball
2-1: Swinging Strike
2-2: Fly out, F8 (Flyball, 8LM)
Batting: RHB Gerardo Vázquez 0-0: Foul Ball, location: 2F
0-1: SINGLE (Line Drive, 8LS)
Batting: LHB Tom Haymon 0-0: Ball
1-0: Ball
2-0: Called Strike
2-1: Foul Ball, location: 2F
2-2: Fly out, F9 (Flyball, 9S)
Top of the 9th over - 0 runs, 1 hit, 0 errors, 1 left on base; Provo 2 - Grand Forks 2
BOTTOM OF THE 9TH
Grand Forks Caterpillars batting - Pitching for Provo Mango : RHP Dennis Blanchard
Now in CF: Sun-jae Kwak
Batting: RHB Ralph Sands 0-0: Called Strike
0-1: Foul Ball, location: 2F
0-2: Strikes out swinging
Batting: LHB Mo-ruo Teoh 0-0: Called Strike
0-1: Ball
1-1: Foul Ball, location: 2F
1-2: Ball
2-2: Ball
3-2: SINGLE (Line Drive, 78S)
Pitching: RHP Harry Stogsdill
Batting: RHB Rusty Nicholson 0-0: Called Strike
0-1: Swinging Strike
0-2: Ball
1-2: Foul Ball, location: 2F
1-2: Foul Ball, location: 2F
1-2: Strikes out swinging
Mo-ruo Teoh is caught stealing 2nd base
Batter strikes out.
Bottom of the 9th over - 0 runs, 1 hit, 0 errors, 0 left on base; Provo 2 - Grand Forks 2
TOP OF THE 10TH
Provo Mango batting - Pitching for Grand Forks Caterpillars : RHP Alberto Ortíz
Batting: RHB Oliver Burrell 0-0: Ball
1-0: Ball
2-0: Ball
3-0: Called Strike
3-1: Base on Balls
Pinch Runner at 1st Rocky Zolman:
Batting: RHB Shihei Kichikawa 0-0: Called Strike
0-1: Called Strike
0-2: Strikes out swinging
Batting: LHB Ling Li 0-0: Ball
Rocky Zolman steals 2nd base
1-0: Ball
2-0: Called Strike
2-1: Foul Ball, location: 2F
2-2: Fly out, F9 (Line Drive, 9D)
Runner from 2nd tags up, SAFE at 3rd, no throw
Batting: RHB Sun-jae Kwak 0-0: Ball
1-0: Foul Ball, location: 2F
1-1: Fly out, F4 (Popup, 13)
Top of the 10th over - 0 runs, 0 hits, 0 errors, 1 left on base; Provo 2 - Grand Forks 2
BOTTOM OF THE 10TH
Grand Forks Caterpillars batting - Pitching for Provo Mango : RHP Harry Stogsdill
Batting: RHB Jun Kung 0-0: Ground out 6-3 (Groundball, 6)
Batting: SHB Jorge Alou 0-0: Foul Ball, location: 2F
0-1: Fly out, F6 (Popup, 6M)
Batting: RHB Hirotada Rin 0-0: Ball
1-0: Ground out 5-3 (Groundball, 5)
Bottom of the 10th over - 0 runs, 0 hits, 0 errors, 0 left on base; Provo 2 - Grand Forks 2
TOP OF THE 11TH
Provo Mango batting - Pitching for Grand Forks Caterpillars : RHP Alberto Ortíz
Batting: RHB Xi-ku See-to 0-0: Ball
1-0: Ball
2-0: Foul Ball, location: 2F
2-1: Ground out 5-3 (Groundball, 56S)
Batting: RHB Mario van Heijbeeck 0-0: Foul Ball, location: 2F
0-1: SINGLE (Line Drive, 6D)
Batting: RHB Guillermo Carrizales 0-0: SINGLE (Flyball, 9LS)
Mario van Heijbeeck to second
Runner from 2nd tries for 3rd, SAFE, no throw
Batting: RHB Gerardo Vázquez 0-0: Ball
1-0: Foul Ball, location: 2F
1-1: Ball
2-1: Fly out, F8 (Line Drive, 8LS)
Runner from 3rd tags up, SCORES, no throw
Batting: LHB Tom Haymon 0-0: Called Strike
0-1: Called Strike
0-2: Ball
1-2: Foul Ball, location: 2F
1-2: Strikes out swinging
Top of the 11th over - 1 run, 2 hits, 0 errors, 1 left on base; Provo 3 - Grand Forks 2
BOTTOM OF THE 11TH
Grand Forks Caterpillars batting - Pitching for Provo Mango : RHP Harry Stogsdill
Batting: RHB Lee Scrooby 0-0: Ground out 6-3 (Groundball, 6)
Batting: RHB Cristián Ortíz 0-0: Called Strike
0-1: Ball
1-1: Ground out 5-3 (Groundball, 5)
Batting: RHB Luis Pérez 0-0: Ball
1-0: Called Strike
1-1: Ground out 4-3 (Groundball, 4)
Bottom of the 11th over - 0 runs, 0 hits, 0 errors, 0 left on base; Provo 3 - Grand Forks 2
Sunday, March 18th, 2018 - OOTP Baseball 18.8 Build 76